 Dungeon Crawl Stone Soup version 0.18.1-50-g88ac8fd (webtiles) character file.

191 ringo67 the Conjurer (level 5, 0/28 HPs)
             Began as a Deep Elf Conjurer on Oct 24, 2016.
             Shot with a stone by a goblin (5 damage)
             ... led by Robin
             ... on level 3 of the Dungeon.
             The game lasted 00:14:29 (2568 turns).

ringo67 the Conjurer (Deep Elf Conjurer)            Turns: 2568, Time: 00:14:30

Health: 0/28       AC:  2    Str:  5    XL:     5   Next: 42%
Magic:  1/11       EV: 13    Int: 21    God:
Gold:   63         SH:  0    Dex: 15    Spells: 2 memorised, 7 levels left

rFire  . . .     SeeInvis .     e - +0 short sword
rCold  . . .     Gourm    .     a - +0 robe
rNeg   . . .     Faith    .     (no shield)
rPois  .         Spirit   .     (no helmet)
rElec  .         Dismiss  .     (no cloak)
rCorr  .         Reflect  .     (no gloves)
SustAt .         Harm     .     (no boots)
MR     .....                    (no amulet)
Stlth  ++........               (no ring)
                                (no ring)

@: not resistant to hostile enchantments, unstealthy
A: no striking features
a: no special abilities


You were on level 3 of the Dungeon.
You were not hungry.

You visited 1 branch of the dungeon, and saw 3 of its levels.

You collected 63 gold pieces.

Inventory:

Hand Weapons
 e - a +0 short sword (weapon)
Armour
 a - a +0 robe (worn)
Wands
 p - a wand of flame (11/48)
Scrolls
 f - a scroll of enchant armour {unknown}
 l - 3 scrolls of identify {unknown}
 m - a scroll of magic mapping {unknown}
 n - a scroll of random uselessness {unknown}
 o - a scroll of blinking {unknown}
Potions
 d - a potion of heal wounds {unknown}
 g - a potion of haste {unknown}
 h - a potion of mutation {unknown}
 i - a potion of flight {unknown}
 k - a potion of resistance {unknown}
 q - 5 potions of curing {unknown}
Books
 b - a book of Conjurations

   Spells                             Type                      Level
   a - Magic Dart                     Conjuration                  1
   b - Searing Ray                    Conjuration                  2
   c - Dazzling Spray                 Conjuration/Hexes            3
   d - Fulminant Prism                Conjuration/Hexes            4
   e - Iskenderun's Mystic Blast      Conjuration                  4
   f - Iskenderun's Battlesphere      Conjuration/Charms           5
Comestibles
 c - a bread ration
 j - a chunk of flesh


   Skills:
 - Level 2.4 Dodging
 - Level 2.4 Stealth
 - Level 3.1 Spellcasting
 + Level 7.3 Conjurations


You had 7 spell levels left.
You knew the following spells:

 Your Spells              Type           Power        Failure   Level  Hunger
a - Magic Dart            Conj           ####         1%          1    None
b - Searing Ray           Conj           ####..       1%          2    ##.....


Dungeon Overview and Level Annotations

Branches:
Dungeon (3/15)

Altars:
Gozag


Message History

Aiming: Magic Dart
Press: ? - help, Shift-Dir - straight line, f - goblin
Aim: a goblin, wielding a club The magic dart hits the goblin.
The goblin is severely wounded.
The goblin hits you with a club.
You hit the goblin.
The goblin is severely wounded.
The goblin hits you with a club.
You hit the goblin.
You kill the goblin!
The goblin shoots a stone.
The stone hits you.
The goblin no longer looks unusually strong.
The goblin shoots a stone.
The stone closely misses you.
The goblin shoots a stone.
The stone barely misses you.
The goblin shoots a stone.
The stone hits you.
* * * LOW HITPOINT WARNING * * *
You see here a stone.
The goblin shoots a stone.
The stone hits you.
You die...

##.....g†)(#
#.......##g# ..
#..###..##g# .# #
#..###..##)# #.##.
#.......##(# ....
#...# #.##.# #'##
#÷..###.##.# ...##
#.......##(#
....#####.......@(#
.....##.......#####
......#.##....#
......'.......#
......#.#.....#
.....##.#.#.#.#
....###.......#
....# ###.#####
#'#.# #.#


You could see 2 goblins.

Vanquished Creatures
  A phantom (D:2)
  Robin (D:3)
  2 adders (D:2)
  An ooze (D:1)
  2 worms
  A giant gecko (D:2)
  7 giant cockroaches
  8 goblins
  11 hobgoblins
  12 kobolds
  A ball python (D:2)
  5 bats
  3 giant newts
  8 rats
63 creatures vanquished.

Notes
Turn   | Place    | Note
--------------------------------------------------------------
     0 | D:1      | ringo67 the Deep Elf Conjurer began the quest for the Orb.
     0 | D:1      | Reached XP level 1. HP: 10/10 MP: 6/6
   161 | D:1      | Reached XP level 2. HP: 15/15 MP: 2/8
   183 | D:1      | Reached skill level 5 in Conjurations
   737 | D:1      | Reached XP level 3. HP: 19/19 MP: 3/9
  1103 | D:2      | Learned a level 2 spell: Searing Ray
  1392 | D:2      | Reached skill level 6 in Conjurations
  1510 | D:2      | Reached XP level 4. HP: 24/24 MP: 7/10
  1625 | D:2      | Found an opulent altar of Gozag.
  1671 | D:2      | Noticed a phantom
  1691 | D:2      | Killed a phantom
  1691 | D:2      | Reached skill level 7 in Conjurations
  1691 | D:2      | Reached XP level 5. HP: 18/28 MP: 0/11
  2546 | D:3      | Noticed Robin
  2554 | D:3      | Killed Robin
  2568 | D:3      | Shot with a stone by a goblin

Skill      XL: |  1  2  3  4 |
---------------+-------------+-----
Conjurations   | 5 6 7 |  7.3
Dodging        | |  2.4
Stealth        | |  2.4
Spellcasting   | |  3.1

Action                   |  1- 3 |  4- 6 || total
-------------------------+-------+-------++-------
Melee: Short sword       |    16 |     3 ||    19
 Cast: Magic Dart        |    74 |    36 ||   110
       Searing Ray       |       |     3 ||     3
  Use: Scroll            |     3 |     1 ||     4
  Eat: Chunk             |     2 |     3 ||     5
Armor: Robe              |     7 |     1 ||     8
Dodge: Dodged            |    22 |    12 ||    34
